 Dungeon Crawl Stone Soup version 0.28.0-49-g6dfe1f597d (webtiles) character file.

Game seed: 16996956516336128246

7845 CryoSword the Arsonist (level 10, -18/81 HPs)
             Began as a Demigod Fire Elementalist on May 16, 2022.
             Shot with an arrow by a centaur warrior (21 damage)
             ... on level 8 of the Dungeon.
             The game lasted 00:24:29 (14785 turns).

CryoSword the Arsonist (Demigod Fire Elementalist) Turns: 14785, Time: 00:24:30

Health: -18/81     AC:  9    Str: 13    XL:     10   Next: 71%
Magic:  16/18      EV: 13    Int: 25    God:
Gold:   537        SH:  0    Dex: 20    Spells: 4/15 levels left

rFire   . . .      SeeInvis .   g - +10 hand axe of the Heavens {flame, rN+}
rCold   . . .      Faith    .   (no shield)
rNeg    + . .      Spirit   .   r - +0 troll leather armour
rPois   .          Reflect  .   (no helmet)
rElec   .          Harm     .   F - +2 cloak {Will+}
rCorr   .          Rampage  .   C - +0 pair of gloves
Will    ++...                   A - +0 pair of boots
Stlth   ++........              (no amulet)
HPRegen 1.03/turn               G - +6 ring of dexterity
MPRegen 0.16/turn               B - ring of flight

@: flying
A: high MP 1, forlorn, divine attributes
a: no special abilities


You were on level 8 of the Dungeon.
You visited 1 branch of the dungeon, and saw 11 of its levels.
You also visited: Bailey.

You collected 663 gold pieces.
You spent 126 gold pieces at shops.

Inventory:

Hand Weapons
 g - the +10 hand axe of the Heavens (weapon) {flame, rN+}
   (You found it on level 8 of the Dungeon)

   It burns those it strikes, dealing additional fire damage.
   Big, fiery blades are also staple armaments of hydra-hunters.
   rN:        It protects you from negative energy.
Missiles
 a - 4 curare-tipped darts
 n - 15 poisoned darts
 s - 2 boomerangs
Armour
 r - a +0 troll leather armour (worn)
   (You found it on level 9 of the Dungeon)
 A - a +0 pair of boots (worn)
   (You found it on level 5 of the Dungeon)
 C - a +0 pair of gloves (worn)
   (You found it on level 8 of the Dungeon)
 F - a +2 cloak of willpower (worn)
   (You found it in a bailey)
Jewellery
 d - a ring of positive energy
   (You found it on level 1 of the Dungeon)
 B - a ring of flight (right hand)
   (You found it on level 6 of the Dungeon)
 G - a +6 ring of dexterity (left hand)
   (You found it in a bailey)
Wands
 t - a wand of acid (3) (quivered)
   (You bought it in a shop on level 4 of the Dungeon)
 u - a wand of digging (7)
   (You found it on level 5 of the Dungeon)
 v - a wand of flame (42)
   (You found it on level 5 of the Dungeon)
 y - a wand of iceblast (5)
   (You found it on level 6 of the Dungeon)
Scrolls
 b - a scroll of immolation {!r}
 c - 2 scrolls of enchant weapon
 e - a scroll of enchant armour {unknown}
 f - a scroll of teleportation {@r4}
 l - 3 scrolls of fog
 o - a scroll of noise {unknown}
 D - a scroll of blinking
 H - a scroll of summoning {unknown}
Potions
 h - 4 potions of heal wounds {@q2}
 i - 2 potions of curing {@q1}
 j - 2 potions of lignification {!q}
 k - a potion of resistance {unknown}
 m - 2 potions of invisibility
 p - a potion of berserk rage {unknown}
 q - a potion of degeneration {unknown}
 w - a potion of magic {unknown}
 z - 2 potions of brilliance {unknown}
 E - 2 potions of mutation {unknown}


   Skills:
 + Level 5.5 Fighting
 * Level 7.1 Axes
 - Level 3.4 Dodging
 - Level 3.0 Stealth
 - Level 3.1 Spellcasting
 + Level 7.9 Conjurations
 - Level 3.2 Necromancy
 + Level 8.4 Fire Magic


You had 4 spell levels left.
You knew the following spells:

 Your Spells              Type           Power      Damage    Failure   Level
a - Foxfire               Conj/Fire      100%       2x1d9     1%          1
b - Scorch                Fire           92%        2d10      1%          2
c - Flame Wave            Conj/Fire      44%        2d10      4%          4
s - Sublimation of Blood  Necr           20%        N/A       4%          2
w - Wereblood             Tmut           3%         N/A       19%         2

Your spell library contained the following spells:

 Spells                   Type           Power      Damage    Failure   Level
 Magic Dart               Conj           100%       1d8       1%          1
 Conjure Flame            Conj/Fire      44%        6-21      1%          3
 Inner Flame              Hex/Fire       24%        N/A       7%          3
 Stone Arrow              Conj/Erth      46%        3d9       8%          3
 Mephitic Cloud           Conj/Pois/Air  17%        N/A       13%         3
 Call Imp                 Summ           3%         N/A       19%         2
 Animate Armour           Summ/Erth      6%         N/A       77%         4
 Summon Hydra             Summ           1%         N/A       100%        7
 Lehudib's Crystal Spear  Conj/Erth      11%        10d4      100%        8


Dungeon Overview and Level Annotations

Branches:
Dungeon (11/15)            Temple (0/1) D:4            Lair (0/6) D:9
 Bailey (visited)
    Orc: D:9-12

Shops:
D:4 *   D:7 (

Annotations:
D:3 2 transporters, Artemis2's ghost, amateur FoEE


Innate Abilities, Weirdness & Mutations

You have an increased reservoir of magic. (+10% MP)
You shall have no god before yourself.
Your divine heritage dramatically boosts your attributes as you level up.


Message History

The yak bellows!
You hit the yak but do no damage. The yak gores you!
You barely miss the yak. You closely miss the yak.
Flames lash the yak.
The yak's fire resistance burns away.
The yak gores you.
Flames lash the yak.
You kill the yak!
The yak barely misses you.
Flames lash the yak but do no damage.
The yak gores you.
Flames lash the yak.
The yak's fire resistance burns away.
The yak barely misses you.
Flames lash the yak.
The yak is burned terribly!
The yak gores you but does no damage.
Flames lash the yak.
The yak is burned terribly!
The yak gores you but does no damage.
Flames lash the yak.
The yak is burned terribly!
The yak gores you but does no damage.
You hit the yak. You burn the yak. The yak gores you!
You are too injured to fight recklessly!
You are too injured to fight recklessly!
You are too injured to fight recklessly!
A wave of flame ripples out!
The flame wave engulfs the yak! (Press . to intensify the flame waves.)
The yak gores you but does no damage.
A wave of flame ripples out!
The flame wave engulfs the yak! x2
The yak is burned terribly!
The yak gores you.
Without enough magic to sustain them, the waves of flame dissipate.
The yak gores you but does no damage.
Unknown command.
You completely miss the yak. The yak gores you!
You slash the yak! You burn the yak.
You kill the yak!
Your Axes skill increases to level 7!
You hit the yak. You burn the yak.
You kill the yak!
You conjure some foxfire!
You completely miss the yak.
The foxfire hits the yak but does no damage.
The foxfire hits the yak.
The yak barely misses you.
You hit the yak but do no damage. The yak gores you!
* * * LOW HITPOINT WARNING * * *
You slash the yak! You burn the yak. The yak misses you.
You conjure some foxfire!
The yak gores you!
* * * LOW HITPOINT WARNING * * *
You hit the yak. You burn the yak.
The foxfire hits the yak.
You kill the yak!
You start resting.
You start resting.
There is a stone staircase leading down here.
A kobold brigand and a kobold come into view.
The kobold brigand is wielding a +0 dagger and quivering poisoned darts.
The kobold brigand shouts!
You see here a scroll labelled UXEESE CICE.
There are monsters nearby!
There are monsters nearby!
A kobold comes into view. It is wielding a +0 whip.
The kobold shouts! x2
You conjure some foxfire!
Flames lash the kobold brigand.
The kobold brigand's fire resistance burns away.
The foxfire hits the kobold brigand but does no damage. x2
You conjure some foxfire!
The foxfire hits the kobold brigand!
The kobold brigand is burned terribly!
Flames lash the kobold.
You kill the kobold!
The foxfire hits the kobold brigand.
The kobold brigand is burned terribly!
You kill the kobold brigand!
You conjure some foxfire!
The foxfire hits the kobold.
You kill the kobold!
Flames lash the kobold.
You kill the kobold!
n - 15 poisoned darts (gained 3)
Things that are here:
a +0 short sword; a +0 dagger; a kobold corpse
Things that are here:
a +0 whip; 4 stones; a +0 dagger
Things that are here:
a +0 short sword; a +0 dagger; a kobold corpse
H - a scroll labelled UXEESE CICE You see here 12 stones.
You see here the +9 hand axe of the Dripping Oracle {freeze, Will+ Str-5 Int+7}.
Things that are here:
a +0 spear; a +0 robe; a +0 whip
Things that are here:
a +0 short sword; a +0 robe; a +0 dagger You see here a +0 spear.
Things that are here:
a +0 scale mail; a +0 flail Key pressed, stopping explore.
Done exploring.
Done exploring.
Done exploring.
There is a stone staircase leading down, spattered with blood here.
You fly downwards.
There is a stone staircase leading up, spattered with blood here.
As you read the scroll of identify {@r1}, it crumbles to dust.
j - 2 potions of lignification
There is an open door here.
Could not explore, unopened door.
You reach down and open the door.
There is an open door here.
There is an open door here.
There is an open door here.
There is an open door here.
There is an open door here.
There is a stone staircase leading up here.
There is an open door here.
There is an open door here.
Things that are here:
a +0 war axe; 16 arrows; a +0 shortbow
There is an open door here.
There is an open door here.
Key pressed, stopping explore.
Things that are here:
24 arrows; a +0 shortbow Done exploring.
Done exploring.
There is an open door here.
There is a stone staircase leading up, spattered with blood here.
You fly upwards.
There is a stone staircase leading down, spattered with blood here.
You fly downwards.
There is a stone staircase leading up, spattered with blood here.
There is an open door here.
There is a stone staircase leading up here.
You fly upwards.
There is a stone staircase leading down, spattered with blood here.
A centaur warrior is nearby!
Aim: a centaur warrior, quivering arrows (wandering, hasn't noticed you, 79% to hit)
The bolt of acid misses the centaur warrior.
The centaur warrior shouts!
The centaur warrior hits you!
The centaur warrior completely misses you.
Flames lash the centaur warrior.
The centaur warrior's fire resistance burns away.
The centaur warrior misses you.
The centaur warrior kicks you but does no damage.
A two-headed ogre comes into view.
It is wielding a +0 giant club and a +0 giant spiked club.
The centaur warrior wields a +0 longbow.
The centaur warrior shoots an arrow.
The arrow hits you!!
The centaur warrior shoots an arrow.
The arrow hits you!
* * * LOW HITPOINT WARNING * * *
The centaur warrior shoots an arrow.
The arrow hits you!
* * * LOW HITPOINT WARNING * * *
The centaur warrior shoots an arrow.
The arrow hits you!!
* * * LOW HITPOINT WARNING * * *
There is a stone staircase leading down, spattered with blood here.
The centaur warrior is no longer more vulnerable to fire.
The centaur warrior shoots an arrow.
The arrow hits you!!
You die...

##.#.# #.#.......#
##.#.############.#.#####.#
..................#.[.....#
##.#..##.#.#######.....##.#######
##.......#.# #..#..##.#......
........##.# #..#.......#####
####..#.##.#### ############
.........#.##.###############
####.......##.##@......O.....
###...####.##...c......... #...#
#.##..####.####.. #
######...####.##..#...... #
#.............##..#.......# #
..............##..#..[$!..#..# #
#.............##..#..$[$..#..# #
####.#...#.#####..#..($?..#..# #
#.#...#.# #..#.......#..# #


You could see a centaur warrior and a two-headed ogre.

Vanquished Creatures
  A two-headed ogre (D:9)
  An orc knight (Bailey)
  A deep elf zephyrmancer (Bailey)
  A komodo dragon (D:9)
  3 trolls (D:9)
  A shadow (D:9)
  5 yaks (D:8)
  2 steam dragons
  An acid dragon (D:8)
  A water moccasin (D:6)
  2 black bears
  A sky beast (D:8)
  6 orc warriors
  2 wolves (D:9)
  An ogre (D:5)
  3 centaurs
  2 kobold brigands
  Blork the orc (D:5)
  A bullfrog (D:7)
  A gnoll sergeant (D:8)
  4 scorpions
  A wyvern zombie (D:7)
  2 water moccasin zombies
  2 water moccasin skeletons
  9 killer bees
  A howler monkey (D:8)
  4 electric eels (D:9)
  3 centaur zombies
  10 hounds
  4 jellies
  3 centaur skeletons (D:7)
  A gnoll shaman (D:8)
  4 orc priests
  Crazy Yiuf (D:5)
  Ijyb (D:3)
  An iguana (D:4)
  8 orc wizards
  A hound skeleton (D:5)
  A howler monkey zombie (D:9)
  8 adders
  9 gnolls
  A shadow imp (D:8)
  3 white imps
  An ufetubus (D:5)
  An adder skeleton (D:4)
  3 worms
  7 dart slugs
  22 orcs
  6 endoplasms
  4 giant cockroaches
  20 goblins
  4 hobgoblins
  6 jackals
  18 kobolds
  4 quokkas
  6 ball pythons
  5 bats
  2 frilled lizards (D:1)
  3 rats
231 creatures vanquished.

Vanquished Creatures (others)
  625 foxfires
  8 fungi
  12 plants
  4 toadstools (D:3)
649 creatures vanquished.

Grand Total: 880 creatures vanquished

Notes
Turn   | Place    | Note
-------+----------+-------------------------------------------
     0 | D:1      | CryoSword the Demigod Fire Elementalist began the quest for
                  | the Orb.
     0 | D:1      | Reached XP level 1. HP: 14/14 MP: 5/5
   221 | D:1      | Reached skill level 1 in Conjurations
   618 | D:1      | Reached skill level 3 in Fire Magic
   852 | D:1      | Reached XP level 2. HP: 17/20 MP: 4/7
   855 | D:1      | Learned a level 2 spell: Scorch
  1600 | D:1      | Reached XP level 3. HP: 26/26 MP: 5/8
  2737 | D:2      | Reached XP level 4. HP: 33/33 MP: 3/9
  3932 | D:3      | Reached skill level 4 in Fire Magic
  4047 | D:3      | Noticed Ijyb
  4077 | D:3      | Killed Ijyb
  4078 | D:3      | Reached XP level 5. HP: 13/38 MP: 0/10
  4644 | D:3      | Found a transporter.
  4644 | D:3      | Noticed Artemis2's ghost (amateur FoEE)
  4672 | D:3      | Found a transporter.
  5389 | D:4      | Found a staircase to the Ecumenical Temple.
  5453 | D:4      | Reached XP level 6. HP: 45/45 MP: 1/12
  5642 | D:4      | Identified the +9 hand axe of the Dripping Oracle {freeze,
                  | Will+ Str-5 Int+7}
  6223 | D:4      | Found Eciakh's CLEARANCE SALE!.
  6230 | D:4      | Bought a wand of acid (5) for 126 gold pieces
  6481 | D:5      | Entered Level 5 of the Dungeon
  6575 | D:5      | Found a runed translucent door.
  6576 | D:5      | Noticed Crazy Yiuf
  6610 | D:5      | Reached skill level 1 in Axes
  6715 | D:5      | Killed Crazy Yiuf
  6716 | D:5      | Reached skill level 5 in Fire Magic
  6716 | D:5      | Reached XP level 7. HP: 51/51 MP: 8/14
  6808 | D:5      | Reached skill level 1 in Fighting
  7484 | D:5      | Noticed Blork the orc
  7498 | D:5      | Killed Blork the orc
  7943 | D:5      | Reached skill level 5 in Conjurations
  8121 | D:5      | Learned a level 4 spell: Flame Wave
  8218 | D:6      | Reached XP level 8. HP: 61/61 MP: 9/16
  8354 | D:6      | Reached skill level 6 in Fire Magic
  8872 | D:6      | Learned a level 2 spell: Wereblood
  8875 | D:6      | Learned a level 2 spell: Sublimation of Blood
  9071 | D:6      | Reached skill level 1 in Necromancy
  9821 | D:7      | Found Sovugaev's Antique Weapon Shoppe.
 10144 | D:7      | Reached XP level 9. HP: 69/69 MP: 8/17
 10502 | D:8      | Noticed a centaur warrior
 11077 | D:8      | Reached skill level 7 in Fire Magic
 11620 | D:8      | Identified the +10 hand axe of the Heavens {flame, rN+}
 11756 | D:8      | You are sucked into a shaft and drop 3 floors!
 11767 | D:11     | Noticed a two-headed ogre
 11804 | D:10     | Entered Level 10 of the Dungeon
 12093 | D:9      | Found a flagged portal.
 12122 | Bailey   | Entered a bailey
 12341 | Bailey   | Noticed an orc knight
 12342 | Bailey   | Found a large runed translucent door.
 12342 | Bailey   | Found a large runed translucent door.
 12343 | Bailey   | Noticed a deep elf zephyrmancer
 12476 | Bailey   | Killed an orc knight
 12643 | Bailey   | Reached skill level 5 in Axes
 12882 | Bailey   | Killed a deep elf zephyrmancer
 12883 | Bailey   | Reached XP level 10. HP: 73/80 MP: 10/18
 13218 | D:9      | Noticed a two-headed ogre
 13227 | D:9      | Killed a two-headed ogre
 13228 | D:9      | Reached skill level 5 in Fighting
 13228 | D:9      | Reached skill level 8 in Fire Magic
 13564 | D:9      | Found a staircase to the Lair.
 14781 | D:8      | Noticed a two-headed ogre
 14784 | D:8      | HP: 2/81 [centaur warrior/arrow (27)]
 14785 | D:8      | Shot with an arrow by a centaur warrior

Illustrated notes

Levels and vault maps discovered:
D:1:      dpeg_cavernosity, layout_loops_ring, amcnicky_mini_corridor_feature,
          corner_web_ring, minmay_pentomino_z4
D:2:      layout_basic, kennysheep_generic_room_8
D:3:      kennysheep_the_goblin_king, layout_basic, gammafunk_ghost_arena,
          serial_forest, infiniplex_forest_lined_4_way,
          infiniplex_forest_lined_ring, infiniplex_forest_clump_cross,
          infiniplex_forest_zigzag_1, infiniplex_forest_corner_1,
          infiniplex_forest_lined_3, infiniplex_forest_clump_diagonal,
          infiniplex_forest_end_3, infiniplex_forest_lined_2,
          basic_ecumenical_altar, minmay_gold_behind_fungi
D:4:      layout_loops_ring, minmay_temple_entry_overgrown,
          nicolae_shop_clearance
D:5:      layout_basic, kennysheep_small_square, uniq_crazy_yiuf_cottage,
          uniq_blork_the_orc
D:6:      layout_loops_ring, st_stairs_2
D:7:      layout_cave_pools, nicolae_ru_great_annihilating_truth, serial_rivers,
          chequers_serial_rivers_marsh, chequers_serial_rivers_micro_a,
          chequers_serial_rivers_room_b, chequers_serial_rivers_micro_e,
          chequers_serial_rivers_marsh, chequers_serial_rivers_room_b,
          nicolae_take_the_stairs, nrook_campfire
D:8:      cheibrodos_elevator_heist, layout_loops_cross
D:9:      layout_gridville, erik_lair_island, enter_bailey_5,
          minmay_misc_feat_alley, nicolae_two_hexagons
D:10:     layout_irregular_city, kennysheep_generic_room_3
D:11:     layout_loops_corners, nicolae_trove_entry_diagonal

Skill      XL: |  1  2  3  4  5  6  7  8  9 10 |
---------------+-------------------------------+-----
Conjurations   | 1 2 3 4 5 6 7 |  7.9
Fire Magic     | 3 4 5 6 7 8 |  8.4
Dodging        | 2 3 |  3.4
Stealth        | 2 3 |  3.0
Spellcasting   | 2 3 |  3.1
Axes           | 1 2 3 5 7 |  7.1
Fighting       | 2 3 4 5 |  5.5
Necromancy     | 2 3 |  3.2

Action                   |  1- 3 |  4- 6 |  7- 9 | 10-12 || total
-------------------------+-------+-------+-------+-------++-------
Melee: Dagger            |    19 |       |       |       ||    19
       Punch             |     1 |     1 |     1 |       ||     3
       Short sword       |    13 |    20 |       |       ||    33
       Unarmed           |       |    15 |       |       ||    15
       Hand axe          |       |     2 |    20 |    20 ||    42
Throw: Dart              |       |       |    13 |       ||    13
       Boomerang         |       |       |     7 |       ||     7
 Cast: Foxfire           |    50 |    36 |   224 |    65 ||   375
       Scorch            |    26 |    69 |    92 |    34 ||   221
       Flame Wave        |       |       |     6 |     3 ||     9
       Sublimation of Bl |       |       |     5 |       ||     5
Evoke: Wand              |       |       |     1 |     1 ||     2
  Use: Scroll            |     2 |     2 |     8 |     1 ||    13
       Potion            |       |       |     1 |       ||     1
 Stab: Sleeping          |     1 |     1 |       |     1 ||     3
Armor: Robe              |     5 |     4 |    17 |     5 ||    31
       Skin              |       |     3 |       |       ||     3
       Troll leather arm |       |       |       |     9 ||     9
Dodge: Dodged            |    22 |    26 |    83 |    28 ||   159
